 Dungeon Crawl Stone Soup version 0.31-a0-983-g7b6862f502 (webtiles) character file.

Game seed: 6856757456931192353

18 FIREandBLOOD the Slasher (level 2, 19/19 HPs)
             Began as a Tengu Cinder Acolyte on Nov 2, 2023.
             Was a High Priest of Ignis.
             Quit the game on level 1 of the Dungeon on Nov 3, 2023.
             The game lasted 00:04:34 (316 turns).

FIREandBLOOD the Slasher (Tengu Cinder Acolyte)      Turns: 316, Time: 00:04:35

Health: 19/19      AC:  2    Str: 14    XL:     2   Next: 66%
Magic:  5/5        EV: 26    Int: 14    God:    Ignis [*****.]
Gold:   31         SH:  0    Dex:  9    Spells: 3/3 levels left

rFire   + . .        a - -1 falchion (flame)
rCold   . . .        (no shield)
rNeg    . . .        b - +0 robe
rPois   .            (helmet restricted)
rElec   .            (no cloak)
rCorr   .            (no gloves)
SInv    .            (boots unavailable)
Will    .....        (no amulet)
Stlth   +            (no ring)
HPRegen 0.23/turn    (no ring)
MPRegen 0.09/turn

%: acrobat
@: acrobatic
A: beak, talons 3, acrobatic
a: Renounce Religion, Fiery Armour, Foxfire Swarm, Rising Flame


You were on level 1 of the Dungeon.
You worshipped Ignis.
Ignis was extremely pleased with you.
You visited 1 branch of the dungeon, and saw 1 of its levels.

You collected 31 gold pieces.

Inventory:

Hand Weapons
 a - a -1 falchion of flaming (weapon)
Armour
 b - a +0 robe (worn)
Scrolls
 c - 3 scrolls of silence {unknown}
 d - a scroll of poison {unknown}


   Skills:
 + Level 3.2 Fighting
 + Level 3.5 Long Blades
 + Level 1.3 Spellcasting
 + Level 3.5 Fire Magic


You had 3 spell levels left.
You didn't know any spells.
Your spell library contained the following spells:

 Spells                   Type           Power      Damage    Failure   Level
 Scorch                   Fire           20%        2d5       9%          2
 Sting                    Tmut/Pois      0%         1d3       26%         1
 Poisonous Vapours        Pois/Air       0%         N/A       36%         2
 Mephitic Cloud           Conj/Pois/Air  0%         N/A       58%         3
 Freezing Cloud           Conj/Ice/Air   0%         6-21      100%        5
 Starburst                Conj/Fire      2%         6d3       100%        6


Dungeon Overview and Level Annotations

Branches:
Dungeon (1/15)

Altars:


Innate Abilities, Weirdness & Mutations

You have a beak for a mouth.
You have claws for feet.
You can magically evade attacks while moving or waiting.


Message History

The hobgoblin shouts!
You barely miss the hobgoblin. You peck the hobgoblin.
You kill the hobgoblin!
A dart slug comes into view.
The dart slug launches a dart at you. The slug dart misses you.
The dart slug launches a dart at you. The slug dart misses you.
You hit the dart slug. You burn the dart slug. You claw the dart slug.
You kill the dart slug!
Magic restored.
A dart slug comes into view.
The dart slug moves out of view.
The dart slug launches a dart at you. The slug dart hits you.
You start resting.
A dart slug is nearby!
The dart slug completely misses you.
You hit the dart slug but do no damage. You claw the dart slug.
The dart slug is moderately wounded.
The dart slug closely misses you.
You hit the dart slug. You burn the dart slug.
You kill the dart slug!
You see here a dart slug corpse.
You start resting.
HP restored.
You now have 31 gold pieces (gained 15).
You pick up the Meditations on the Red Spider and begin reading...
You add the spells Sting and Starburst to your library.
You don't know any spells.
d - a scroll labelled FOOZOBIDAT No target in view!
Okay, then.
Okay, then.
Welcome back, FIREandBLOOD the Tengu Cinder Acolyte.
The flames of Ignis gently warm you.
Press ? for a list of commands and other information.
Press: ? - help, v - describe, . - travel The floor.
Are you sure you want to abandon this character and quit the game? (Confirm with "yes".)

#......# ####.#
#......# #.#
#......# ##P#.#
#......######.P#.#
###.........#..#.#
#.........#.P#.#
#.........##P#.#
#.........# #.#
#.......@.# #.#
#.....###..# #.###
#........# ##.#
#...# #.......##
.# ###.# #.......#
.# #.# ######.##
.#. #.# #.# .#.P
#.# #.# P..#.# #..
#.#


There were no monsters in sight!

Vanquished Creatures
  2 dart slugs (D:1)
  An endoplasm (D:1)
  A goblin (D:1)
  A hobgoblin (D:1)
  4 jackals (D:1)
  A quokka (D:1)
  A frilled lizard (D:1)
  A rat (D:1)
12 creatures vanquished.

Notes
Turn   | Place    | Note
-------+----------+-------------------------------------------
     0 | D:1      | FIREandBLOOD the Tengu Cinder Acolyte began the quest for
                  | the Orb.
     0 | D:1      | Reached XP level 1. HP: 14/14 MP: 3/3
   136 | D:1      | Reached XP level 2. HP: 19/19 MP: 4/4
   305 | D:1      | Got the Meditations on the Red Spider
   316 | D:1      | Upgraded the game from 0.31-a0-981-geadf994542 to
                  | 0.31-a0-983-g7b6862f502
   316 | D:1      | Quit the game

Illustrated notes

Levels and vault maps discovered:
D:1:      co_arrival_square_in_a_square_in_a_square, layout_basic,
          serial_aquarium, aquarium_bridge_long_joined [aquarium_subvault_wall,
          aquarium_subvault_bridge, aquarium_subvault_bridge,
          aquarium_subvault_wall, aquarium_subvault_bridge,
          aquarium_subvault_window], aquarium_bridge_straight
          [aquarium_subvault_bridge, aquarium_subvault_wall,
          aquarium_subvault_bridge, aquarium_subvault_wall], aquarium_window_1,
          aquarium_window_1, aquarium_window_1, aquarium_window_fake,
          aquarium_view_2f, aquarium_view_2g, aquarium_balcony_3a

Action                     || total
---------------------------++-------
  Melee: Falchion          ||    24
         Kick              ||     6
         Peck              ||     3
 Armour: Robe              ||    10
  Dodge: Dodged            ||    12

Table legend: (Time is in decaauts)
 A = Elapsed time spent in this place.
 B = Non-inter-level travel time spent in this place.
 C = Inter-level travel time spent in this place.
 D = Time resting spent in this place.
 E = Time spent auto-exploring this place.
 F = Levels seen in this place.
 G = Mean time per level.
                   A        B        C        D        E       F      G
               +--------+--------+--------+--------+--------+-----+--------+
         Total |    319 |    319 |      0 |     65 |    120 |   1 |  319.0 |
       Dungeon |    319 |    319 |      0 |     65 |    120 |   1 |  319.0 |
               +--------+--------+--------+--------+--------+-----+--------+

Top non-repeatable levels by time:
     D:1: 319 daAuts
